 Dungeon Crawl Stone Soup version 0.26.0-45-g9c1d065592 (webtiles) character file.

Game seed: 10590200333432494364

715 swilekon the Cudgeller (level 7, -16/49 HPs)
             Began as an Octopode Monk on Feb 1, 2021.
             Was a Believer of the Shining One.
             Demolished by Menkaure (20 damage)
             ... on level 5 of the Dungeon.
             The game lasted 00:09:54 (6328 turns).

swilekon the Cudgeller (Octopode Monk)              Turns: 6328, Time: 00:09:55

Health: -16/49     AC:  1    Str: 18    XL:     7   Next: 69%
Magic:  8/8        EV: 15    Int: 12    God:    the Shining One [**....]
Gold:   299        SH:  0    Dex: 15    Spells: 6/6 levels left

rFire    . . .     SeeInvis .   a - +0 mace
rCold    . . .     Faith    +   (no shield)
rNeg     + . .     Spirit   .   (helmet restricted)
rPois    .         Reflect  .   e - amulet of faith
rElec    .         Harm     .   o - +6 ring of strength
rCorr    .         Rampage  .   (no ring)
Will     .....                  (no ring)
Stlth    ++........             (no ring)
HPRegen  0.16/turn              (no ring)
MPRegen  0.11/turn              (no ring)
                                (no ring)
                                (no ring)

@: glowing
A: almost no armour, stealthy swim, amphibious, 8 rings, constrict 8, camouflage
1, gelatinous body 1
a: Renounce Religion, Divine Shield


You were on level 5 of the Dungeon.
You worshipped the Shining One.
The Shining One was pleased with you.
You visited 1 branch of the dungeon, and saw 5 of its levels.

You collected 299 gold pieces.

Inventory:

Hand Weapons
 a - a +0 mace (weapon)
Jewellery
 e - an amulet of faith (around mantle)
 o - a +6 ring of strength (left tentacle)
 r - an uncursed ring of ice
Wands
 n - a wand of paralysis (9)
Scrolls
 c - 3 scrolls of remove curse {unknown}
 d - 2 scrolls of fear {unknown}
 f - 2 scrolls of amnesia {unknown}
 g - a scroll of enchant armour {unknown}
 j - a scroll of noise {unknown}
 p - 2 scrolls of blinking {unknown}
 q - 2 scrolls of teleportation {unknown}
 s - 3 scrolls of identify
Potions
 b - 2 potions of attraction {unknown}
 h - a potion of brilliance {unknown}
 i - 2 potions of curing {unknown}
 k - a potion of mutation {unknown}
 l - 2 potions of magic {unknown}
 m - 2 potions of might
 t - a potion of resistance
 u - 2 potions of ambrosia {unknown}


   Skills:
 + Level 4.3 Fighting
 * Level 7.0 Maces & Flails
 + Level 3.9 Dodging
 + Level 4.1 Stealth
 * Level 2.0 Invocations


You had 6 spell levels left.
You didn't know any spells.
Your spell library was empty.

Dungeon Overview and Level Annotations

Branches:
Dungeon (5/15)
 Temple: D:4-7

Altars:
Nemelex Xobeh
Uskayaw
The Shining One

Shops:
D:5 }

Annotations:
D:5 Menkaure, Prince Ribbit


Innate Abilities, Weirdness & Mutations

You cannot wear most types of armour.
You are very stealthy in the water. (Stealth+)
You are amphibious.
You can wear up to eight rings at the same time.
You can use your tentacles to constrict eight enemies at once.
Your skin changes colour to match your surroundings (Stealth+).
Your rubbery body absorbs attacks. (AC +1, EV +1)


Message History

You hit Menkaure. Your grab misses Menkaure.
Menkaure is lightly damaged.
Menkaure hits you.
You hit Menkaure but do no damage. Your grab misses Menkaure.
Menkaure is lightly damaged.
Menkaure hits you.
You hit Menkaure. You grab Menkaure.
Menkaure is lightly damaged.
You constrict Menkaure. Menkaure barely misses you. x2
You sock Menkaure! You squeeze Menkaure, but do no damage.
Menkaure is heavily damaged.
You constrict Menkaure. Menkaure hits you!!
Prince Ribbit comes into view.
The iguana bites you!
* * * LOW HITPOINT WARNING * * *
Unknown command.
You hit Menkaure.
Menkaure is severely damaged.
You constrict Menkaure. Menkaure hits you!!
You die...

...........#
#..........#
#..F...=...#
#..........#
#..........#
#..........#
#.......$..#
###..########.
#...M@l.......
##.##.########.
...#...#
#####.#...#
#....<#.#.#
.#....(..#..#
.........#..#
########.#..[#
#.#.#.#


You could see Prince Ribbit, Menkaure (fast) and an iguana.

Vanquished Creatures
  Sigmund (D:5)
  Edmund (D:5)
  A phantom (D:4)
  2 howler monkeys
  2 orc wizards
  A worker ant (D:5)
  A howler monkey zombie (D:5)
  4 gnolls (D:2)
  5 adders
  A shadow imp (D:5)
  2 worms
  5 dart slugs
  3 leopard geckos
  13 orcs
  14 bats
  4 giant cockroaches
  3 goblins
  9 hobgoblins
  3 frilled lizards
  7 kobolds
  10 rats
92 creatures vanquished.

Vanquished Creatures (others)
  A bat (D:1)
1 creature vanquished.

Grand Total: 93 creatures vanquished

Notes
Turn   | Place    | Note
-------+----------+-------------------------------------------
     0 | D:1      | swilekon the Octopode Monk began the quest for the Orb.
     0 | D:1      | Reached XP level 1. HP: 16/16 MP: 1/1
   226 | D:1      | Reached XP level 2. HP: 16/21 MP: 2/2
   713 | D:1      | Reached XP level 3. HP: 26/26 MP: 3/3
  1411 | D:2      | Reached skill level 4 in Maces & Flails
  1411 | D:2      | Reached XP level 4. HP: 31/31 MP: 4/4
  2051 | D:2      | Found a hide-covered altar of Uskayaw.
  2143 | D:2      | Found a glowing golden altar of the Shining One.
  2152 | D:2      | Became a worshipper of the Shining One
  2152 | D:2      | Reached * piety under the Shining One
  2152 | D:2      | Reached ** piety under the Shining One
  2735 | D:3      | Reached XP level 5. HP: 36/36 MP: 5/5
  3573 | D:3      | Reached skill level 5 in Maces & Flails
  4298 | D:4      | Reached XP level 6. HP: 36/43 MP: 6/6
  4493 | D:4      | Noticed a phantom
  4519 | D:4      | Killed a phantom
  4888 | D:4      | Reached skill level 1 in Invocations
  5527 | D:4      | Found a sparkling altar of Nemelex Xobeh.
  5608 | D:5      | Entered Level 5 of the Dungeon
  5609 | D:5      | Noticed Sigmund
  5773 | D:5      | Killed Sigmund
  5774 | D:5      | Reached skill level 6 in Maces & Flails
  5774 | D:5      | Reached XP level 7. HP: 48/48 MP: 6/8
  6007 | D:5      | Found Cudaen's Gadget Emporium.
  6061 | D:5      | Noticed Edmund
  6069 | D:5      | Killed Edmund
  6312 | D:5      | Noticed Menkaure
  6321 | D:5      | Reached skill level 7 in Maces & Flails
  6327 | D:5      | Noticed Prince Ribbit
  6328 | D:5      | Demolished by Menkaure

Illustrated notes

Levels and vault maps discovered:
D:1:      lightli_arrival_flooded_house, layout_loops_ring
D:2:      layout_basic, nicolae_overflow_crystal_walls,
          nicolae_tso_carved_into_rock, minmay_misc_feat_iff
D:3:      layout_basic
D:4:      layout_layer_cave, kennysheep_mini
D:5:      layout_basic, serial_shops, shop_coins, uniq_edmund, uniq_ijyb,
          uniq_menkaure, uniq_sigmund, uniq_prince_ribbit1

Skill      XL: |  1  2  3  4  5  6  7 |
---------------+----------------------+-----
Stealth        | 3 4 |  4.1
Maces & Flails | 4 5 6 7 |  7.0
Invocations    | 1 2 |  2.0
Fighting       | 4 |  4.3
Dodging        | |  3.9

Action                   |  1- 3 |  4- 6 |  7- 9 || total
-------------------------+-------+-------+-------++-------
Melee: Mace              |    50 |   135 |    29 ||   214
       Constrict         |    17 |    29 |    11 ||    57
       Tentacles         |    13 |    20 |     8 ||    41
  Use: Potion            |     2 |       |       ||     2
       Scroll            |       |     3 |       ||     3
 Stab: Sleeping          |     6 |     1 |       ||     7
       Distracted        |     1 |       |       ||     1
Armor: Skin              |     6 |     3 |     1 ||    10
Dodge: Dodged            |    44 |    82 |    22 ||   148
